 Dungeon Sprint DCSS version 0.17-a0-1910-g4c791fa (webtiles) character file.

5600000 Ordine the Axe Maniac (level 27, -16/323 HPs)
             Began as a Troll Warper on Sept 26, 2015.
             Was the Champion of Makhleb.
             Demolished by a sculptor of flesh
             ... wielding a +9 great sword
              (234 damage)
             ... in the Dungeon (Sprint VIII: "Arena of Blood").
             The game lasted 00:06:57 (56 turns).

Ordine the Axe Maniac (Troll Warper)                  Turns: 56, Time: 00:06:57

Health: -16/323    AC:  7    Str: 27    XL:     27
Magic:  26/53      EV: 31    Int:  9    God:    Makhleb [******]
Gold:   0          SH:  0    Dex: 18    Spells: 1 memorised, 79 levels left

rFire  . . .     SeeInvis .     k - +∞ Axe of Woe
rCold  . . .     Clarity  .     a - +0 robe
rNeg   . . .     SustAt   .     (no shield)
rPois  .         Gourm    +     (helmet restricted)
rElec  .         Spirit   .     (no cloak)
rCorr  .         Warding  .     (gloves unavailable)
rMut   .         NoTele   +     (boots unavailable)
MR     ++...                    (no amulet)
Stlth  ++++++....               (no ring)
                                (no ring)

@: very resistant to hostile enchantments, very stealthy
A: unfitting armour, claws 3, fast metabolism 3, gourmand, regeneration 2,
shaggy fur 1, tough skin 2
a: Minor Destruction, Lesser Servant of Makhleb, Major Destruction, Greater
Servant of Makhleb, Renounce Religion


You were in the Dungeon.
You worshipped Makhleb.
Makhleb was exalted by your worship.
You were not hungry.

You visited 1 branch

Inventory:

Hand weapons
 k - the +∞ Axe of Woe (weapon)
   (You found it in the Dungeon)
Missiles
 d - 5 tomahawks of dispersal (quivered)
Armour
 a - a +0 robe (worn)
Scrolls
 c - 2 scrolls of blinking
Potions
 f - a potion of curing
 g - a potion of heal wounds
 h - a potion of haste
 i - 2 potions of magic
 j - a potion of berserk rage
Books
 b - a book of Spatial Translocations

   Spells                             Type                      Level
   a - Apportation                    Translocation                1
   b - Blink                          Translocation                2
   c - Shroud of Golubria             Charms/Translocation         2
   d - Portal Projectile              Translocation                3
   e - Teleport Other                 Translocation                3
   f - Passage of Golubria            Translocation                4
Comestibles
 e - 2 bread rations


   Skills:
 O Level 27 Fighting
 O Level 27 Axes
 O Level 27 Throwing
 O Level 27 Armour
 O Level 27 Dodging
 O Level 27 Stealth
 O Level 27 Unarmed Combat
 O Level 27 Spellcasting
 O Level 27 Translocations
 O Level 27 Invocations


You had 79 spell levels left.
You knew the following spells:

 Your Spells              Type           Power        Failure   Level  Hunger
a - Apportation           Tloc           ######....   0%          1    None


Dungeon Overview and Level Annotations

Branches:
Dungeon (1/1)

Altars:
Makhleb


Innate Abilities, Weirdness & Mutations

You are too large for most types of armour.
You have claws for hands.
Your metabolism is lightning-fast.
You like to eat raw meat.
You heal very quickly.
You are covered in fur (AC +1).
You have very tough skin (AC +2).


Message History

Unknown command.
Unknown command.
Unknown command.
Unknown command.
Unknown command.
Unknown command.
Unknown command.
Unknown command.
Unknown command.
Unknown command.
A tyrant comes into view.
The accursed casts a spell at you. Something smites you!
The accursed points at you and mumbles some strange words.
Something smites you!
You hear a shout! x4
The meat berserker is engulfed in roaring flames.
The sculptor of flesh hits you with a +9 great sword!!!!!
Ouch! That really hurt!
You die...

#........_...%%.
.......%###...%..
...###..)%...###.
.....#LM.....# .
.....#.).....#..
.....x).§.......
......O)).......
.....§)))..%....
......)o@)....##
....#.%.z....#..
%.........%..#
...##.#.........
.. .............
# #....#.....###
.........M...
...........L..


You could see 2 accurseds, 2 tyrants, a sculptor of flesh, a meat berserker
(berserk) and a bag of meat.

Vanquished Creatures
  6 vampire knights (D)
  19 ogres (D)
  A hydra (D)
  39 orcs (D)
  5 hill giants (D)
  A skeletal warrior (D)
  3 small abominations (D)
  4 large abominations (D)
  2 crawling corpses (D)
80 creatures vanquished.

Notes
Turn   | Place    | Note
--------------------------------------------------------------
     0 | D        | Ordine the Troll Warper began the quest for the Orb.
     0 | D        | Reached XP level 1. HP: 19/19 MP: 1/1
     2 | D        | Noticed a bag of meat
     3 | D        | Noticed a bag of meat
     3 | D        | Became a worshipper of Makhleb the Destroyer
     4 | D        | Noticed a meat berserker
     4 | D        | Noticed a bag of meat
     5 | D        | Noticed a meat berserker
     6 | D        | Noticed a meat berserker
     6 | D        | Killed a bag of meat
     6 | D        | Reached skill level 22 in Axes
     6 | D        | Reached XP level 2. HP: 27/27 MP: 2/2
     6 | D        | Reached XP level 3. HP: 33/33 MP: 3/3
     6 | D        | Reached XP level 4. HP: 41/41 MP: 4/4
     6 | D        | Reached XP level 5. HP: 48/48 MP: 5/5
     6 | D        | Reached XP level 6. HP: 55/55 MP: 6/6
     6 | D        | Reached XP level 7. HP: 62/62 MP: 7/7
     6 | D        | Reached XP level 8. HP: 70/70 MP: 8/8
     6 | D        | Reached XP level 9. HP: 76/76 MP: 9/9
     6 | D        | Reached XP level 10. HP: 85/85 MP: 10/10
     6 | D        | Reached XP level 11. HP: 92/92 MP: 11/11
     7 | D        | Noticed a bag of meat
     7 | D        | Noticed a bag of meat
     7 | D        | Killed a meat berserker
     7 | D        | Acquired Makhleb's first power
     7 | D        | Reached skill level 27 in Axes
     7 | D        | Reached XP level 12. HP: 99/118 MP: 12/12
     7 | D        | Reached XP level 13. HP: 104/124 MP: 13/13
     8 | D        | Killed a meat berserker
     8 | D        | Reached XP level 14. HP: 111/170 MP: 14/14
     9 | D        | Noticed a bag of meat
     9 | D        | Noticed a meat berserker
     9 | D        | Killed a meat berserker
     9 | D        | Acquired Makhleb's second power
     9 | D        | Reached XP level 15. HP: 170/193 MP: 15/15
     9 | D        | Killed a bag of meat
    10 | D        | Noticed a bag of meat
    10 | D        | Noticed a meat berserker
    12 | D        | Noticed a meat berserker
    12 | D        | Noticed a meat berserker
    12 | D        | Noticed a bag of meat
    13 | D        | Noticed a bag of meat
    13 | D        | Noticed a bag of meat
    13 | D        | Noticed a meat berserker
    13 | D        | Killed a bag of meat
    13 | D        | Acquired Makhleb's third power
    13 | D        | Reached XP level 16. HP: 210/215 MP: 16/16
    13 | D        | Killed a meat berserker
    13 | D        | Reached skill level 27 in Fighting
    13 | D        | Killed a bag of meat
    13 | D        | Acquired Makhleb's fourth power
    13 | D        | Reached XP level 17. HP: 218/226 MP: 17/17
    14 | D        | Noticed a bag of meat
    14 | D        | Killed a bag of meat
    14 | D        | Killed a bag of meat
    14 | D        | Noticed a bag of meat
    14 | D        | Noticed a bag of meat
    15 | D        | Killed a meat berserker
    15 | D        | Acquired Makhleb's fifth power
    15 | D        | Reached skill level 27 in Dodging
    15 | D        | Reached XP level 18. HP: 236/236 MP: 18/18
    16 | D        | Noticed a large bag of meat
    16 | D        | Noticed a bag of meat
    16 | D        | Noticed a bag of meat
    16 | D        | Killed a meat berserker
    16 | D        | Reached skill level 15 in Stealth
    17 | D        | Noticed a bag of meat
    17 | D        | Noticed a bag of meat
    18 | D        | Killed a meat berserker
    18 | D        | Reached XP level 19. HP: 245/245 MP: 19/19
    18 | D        | Killed a meat berserker
    19 | D        | Killed a bag of meat
    20 | D        | Noticed a bag of meat
    20 | D        | Noticed a meat berserker
    23 | D        | Noticed a meat berserker
    23 | D        | Noticed a bag of meat
    23 | D        | Noticed a large bag of meat
    24 | D        | Noticed a meat berserker
    25 | D        | Noticed a large bag of meat
    26 | D        | Noticed a meat berserker
    26 | D        | Killed a large bag of meat
    27 | D        | Noticed a large bag of meat
    27 | D        | Noticed a meat berserker
    27 | D        | Noticed a meat berserker
    27 | D        | Noticed a destroyer
    28 | D        | Noticed a bag of meat
    28 | D        | Noticed a destroyer
    28 | D        | Noticed a bag of meat
    28 | D        | Noticed a bag of meat
    28 | D        | Noticed a bag of meat
    29 | D        | Noticed a bag of meat
    29 | D        | Noticed a bag of meat
    29 | D        | Noticed a bag of meat
    29 | D        | Killed a meat berserker
    29 | D        | Reached skill level 27 in Stealth
    29 | D        | Reached XP level 20. HP: 256/256 MP: 20/20
    30 | D        | Noticed a bag of meat
    30 | D        | Killed a bag of meat
    30 | D        | Killed a large bag of meat
    30 | D        | Killed a destroyer
    30 | D        | Killed a meat berserker
    30 | D        | Reached skill level 27 in Armour
    30 | D        | Reached XP level 21. HP: 265/265 MP: 20/32
    31 | D        | Noticed a bag of meat
    31 | D        | Noticed a bag of meat
    31 | D        | Killed a meat berserker
    31 | D        | Reached skill level 15 in Spellcasting
    32 | D        | Noticed a meat berserker
    32 | D        | Noticed an eight-headed meat hydra
    32 | D        | Killed a meat berserker
    33 | D        | Noticed a destroyer
    33 | D        | Killed a meat berserker
    33 | D        | Reached XP level 22. HP: 275/275 MP: 20/47
    33 | D        | Killed a large bag of meat
    34 | D        | Noticed a bag of meat
    34 | D        | Noticed a bag of meat
    34 | D        | Noticed a bag of meat
    34 | D        | Noticed a bag of meat
    34 | D        | Noticed a destroyer
    35 | D        | Noticed a meat berserker
    35 | D        | Noticed a bag of meat
    35 | D        | Killed a bag of meat
    35 | D        | Killed a bag of meat
    35 | D        | Killed a bag of meat
    37 | D        | Noticed a bag of meat
    37 | D        | Noticed a large bag of meat
    37 | D        | Killed a meat berserker
    37 | D        | Killed a bag of meat
    37 | D        | Killed a bag of meat
    37 | D        | Reached skill level 27 in Spellcasting
    37 | D        | Killed a bag of meat
    37 | D        | Killed a bag of meat
    38 | D        | Noticed a meat berserker
    38 | D        | Noticed a destroyer
    38 | D        | Noticed a bag of meat
    38 | D        | Killed a bag of meat
    38 | D        | Reached skill level 10 in Translocations
    38 | D        | Killed a bag of meat
    38 | D        | Killed a bag of meat
    38 | D        | Killed a meat berserker
    39 | D        | Noticed a bag of meat
    39 | D        | Killed a bag of meat
    39 | D        | Reached skill level 15 in Translocations
    40 | D        | Killed a nine-headed meat hydra
    40 | D        | Reached XP level 23. HP: 284/284 MP: 22/53
    40 | D        | Killed a destroyer
    40 | D        | Killed a bag of meat
    40 | D        | Killed a bag of meat
    40 | D        | Killed a destroyer
    40 | D        | Reached skill level 27 in Translocations
    41 | D        | Noticed a bag of meat
    41 | D        | Killed a meat berserker
    41 | D        | Killed a bag of meat
    41 | D        | Killed a destroyer
    41 | D        | Reached XP level 24. HP: 295/295 MP: 22/53
    41 | D        | Killed a bag of meat
    42 | D        | Killed a bag of meat
    42 | D        | Killed a bag of meat
    42 | D        | Reached skill level 27 in Invocations
    42 | D        | Killed a destroyer
    42 | D        | Killed a bag of meat
    43 | D        | Killed a bag of meat
    43 | D        | Killed a bag of meat
    43 | D        | Killed a bag of meat
    43 | D        | Reached skill level 27 in Unarmed Combat
    43 | D        | Reached XP level 25. HP: 304/304 MP: 22/53
    44 | D        | Noticed a meat berserker
    44 | D        | Noticed a meat berserker
    44 | D        | Noticed a sculptor of flesh
    44 | D        | Noticed a destroyer
    44 | D        | Killed a large bag of meat
    44 | D        | Killed a meat berserker
    44 | D        | Killed a large bag of meat
    45 | D        | Noticed a bag of meat
    45 | D        | Killed a bag of meat
    45 | D        | Killed a bag of meat
    45 | D        | Reached skill level 27 in Throwing
    46 | D        | Noticed a bag of meat
    46 | D        | Killed a bag of meat
    46 | D        | Killed a bag of meat
    47 | D        | Noticed a sculptor of flesh
    47 | D        | Killed a bag of meat
    48 | D        | Noticed a bag of meat
    48 | D        | Killed a destroyer
    48 | D        | Reached XP level 26. HP: 314/314 MP: 24/53
    48 | D        | Killed a bag of meat
    49 | D        | Noticed an accursed
    49 | D        | Killed a bag of meat
    49 | D        | Killed a meat berserker
    50 | D        | Killed a meat berserker
    51 | D        | Noticed a tyrant
    51 | D        | Noticed a meat berserker
    52 | D        | Killed a bag of meat
    53 | D        | Noticed an accursed
    53 | D        | Killed a bag of meat
    53 | D        | Reached XP level 27. HP: 323/323 MP: 25/53
    55 | D        | Killed a bag of meat
    55 | D        | Killed a sculptor of flesh
    56 | D        | Noticed a tyrant
    56 | D        | Demolished by a sculptor of flesh

Vault maps used:
D:        meatsprint

Action                   |  1- 3 |  4- 6 |  7- 9 | 10-12 | 13-15 | 16-18 | 19-21 | 22-24 | 25-27 || total
-------------------------+-------+-------+-------+-------+-------+-------+-------+-------+-------++-------
Melee: Executioner's axe |     1 |       |       |     1 |     3 |     4 |     7 |     8 |    10 ||    34
